Schmensch, lawful female human Priestess -------- -------------------------------- |......| |............................).| |......| |...--------.......-----------%| #.......| -...|+++|..|------.|..| +.| #|......| |...|+++|.(|.....|.|.. |..# #|<.....| ....|...||-|..@..|.-|-- ----.|# #-------- |...-|---..|.....|....-+---....|## ### |.....%....|..'@.|.............| # # |........{.-|-----.{...........| # # |..............................| # ## |..--|--............-+--+---...| # # |..|...|-------..---- |...| # # |..|(%(| +..+ |...| #### -----# |..|(.(| |. | |...| # |...|# |..----- - -...| ####....|# |.. ....| |.>..# --- ------ ----- Schmensch the Priestess Experience level: 7 Strength: 14 Dexterity: 11 Constitution: 18 Intelligence: 15 Wisdom: 10 Charisma: 10 Health: 0(68) Energy: 56(56) Def: 11 Gold: 139 Moves: 5367 Dungeon seed [set]: Game ID: Schmensch_1676212833 Your Inventory: Coins $ - 139 gold pieces Weapons h - a blessed very corroded +1 mace named Orphan Maker (weapon in hand) s - an uncursed +3 orcish dagger V - an uncursed +0 elven dagger W - 13 uncursed +0 darts (in quiver) Armor e - an uncursed +0 robe (being worn) n - an uncursed +0 small shield (being worn) r - an uncursed +0 scale mail (being worn) z - an uncursed +1 orcish helm (being worn) N - an uncursed +1 pair of low boots (being worn) Comestibles i - 2 uncursed tins of elf meat j - 3 uncursed food rations u - 2 uncursed lichen corpses D - 2 uncursed slime molds J - an uncursed lizard corpse K - a blessed tin of spinach L - 2 uncursed tins of acid blob Scrolls w - an uncursed scroll of scare monster A - an uncursed scroll of water F - an uncursed scroll of scare monster G - an uncursed scroll of light P - a cursed scroll of enchant armor Q - an uncursed scroll of enchant weapon R - a blessed scroll of punishment S - a blessed scroll of confuse monster U - an uncursed scroll of earth Potions b - 4 potions of holy water m - an uncursed potion of water x - an uncursed potion of levitation B - a cursed potion of gain energy I - an uncursed potion of monster detection M - a potion of holy water O - an uncursed potion of water T - an uncursed potion of confusion Rings g - an uncursed +1 ring of gain strength p - an uncursed ring of slow digestion (on left hand) Wands f - an uncursed wand of cancellation (0:1) l - an uncursed wand of secret door detection (0:13) Tools a - an uncursed lock pick k - an uncursed tallow candle (0:200) C - an uncursed tin whistle H - an uncursed sack X - an uncursed sack Gems c - an uncursed worthless piece of white glass d - an uncursed worthless piece of green glass o - an uncursed jacinth q - 2 uncursed citrines t - 2 uncursed worthless pieces of yellowish brown glass v - an uncursed worthless piece of red glass y - 2 uncursed worthless pieces of violet glass E - an uncursed worthless piece of blue glass Y - an uncursed worthless piece of yellow glass Z - an uncursed garnet Spells and supernatural/magical abilities: Name Level Category Fail Memory h - healing 1 healing 58% 74% l - light 1 divination 74% 74% p - protection 1 clerical 74% 74% W - pray for help -- divine ? -- X - turn undead -- divine ? -- Your skills at the end: Miscellaneous Skills shield [Basic] wands [Basic] stealth [Expert] Weapon Skills mace [Basic] Spellcasting Skills clerical spells [Basic] Final Attributes: You were devoutly aligned. Your writing hand was a little cramped from use. You were stealthy. You were held by a rope golem. You had slower digestion. You are dead. Vanquished creatures: 3 small mimics a giant beetle 2 lizards an imp a baby crocodile a pony a fog cloud 4 gnome lords 4 gnomish wizards a golden naga hatchling a gray ooze an elf zombie a ghoul 2 straw golems a puppy a kitten 2 dwarves 2 rothes 3 jitterbugs 2 orc zombies a hobbit 3 acid blobs a hobgoblin 2 giant rats a cave spider a yellow mold 27 gnomes 2 gnome zombies 6 jackals a fox a kobold 2 newts 5 goblins 7 grid bugs 4 lichens a kobold zombie 100 creatures vanquished. Voluntary challenges: You did not cause conflict. You were not invisible. You did not have reflection. You were not displaced. You had been an atheist until turn 3874. You did not donate to any temples.. You used a wielded weapon 329 times, starting on turn 79. You did not use tools. You did not use plumbed fixtures. You read items or engraved 3 times, starting on turn 1762. You never genocided any monsters. You never polymorphed an object. You never changed form. You used no wishes. You did not use any artifacts. You never split a pudding. You wrote Elbereth's name 3 times, starting on turn 1762. You never violated your personal moral code. Dungeon overview: The Dungeons of Doom: levels 1 to 4 Level 1 some fountains a long staircase Level 2 a vault, an armor shop Level 3 a vault, some fountains Level 4 a delicatessen stairs to The Gnomish Mines The Gnomish Mines: levels 5 to 8 Level 5 stairs to The Dungeons of Doom Level 6 Level 7 Level 8 <- You were here some shops, a temple to Anhur, a magic chest, some fountains History has recorded: On T:1 you entered the Dungeons of Doom to retrieve the Amulet of Yendor! On T:754 you reached level 2 of The Dungeons of Doom. On T:778 you advanced to experience level 2. On T:1150 you advanced to experience level 3. On T:1184 you advanced to experience level 4. On T:1337 you reached level 3 of The Dungeons of Doom. On T:1872 you became devout. On T:2001 you advanced to experience level 5. On T:2153 you reached level 4 of The Dungeons of Doom. On T:2766 you reached level 1 of The Gnomish Mines. On T:2960 you advanced to experience level 6. On T:3173 you reached level 2 of The Gnomish Mines. On T:3828 you reached level 3 of The Gnomish Mines. On T:3874 you prayed to Ptah. On T:4214 you reached level 4 of The Gnomish Mines. On T:4330 you advanced to experience level 7. On T:5016 you prayed to Ptah. On T:5051 you entered the Minetown temple Score breakdown: Gold: 139 ( 13 points) Experience: 7 levels ( 600 points) Exploration: 8 levels ( 210 points) Discoveries: 37 items ( 1850 points) Variety of kills: 36 monsters ( 1800 points) Major goal: reached Minetown ( 500 points) Survival: died (score multiplied by 3) Total score: 14919 Latest messages: You hit something. You hear a mumbled curse. You hit something. (2x) You hear a mumbled curse. You hit something. (2x) You hear a mumbled curse. You kill it! You hear water falling on coins. You attack thin air. You see here an uncursed gnomish wizard corpse. This gnomish wizard corpse tastes terrible! You stop eating. You resume your meal. You finish eating the gnomish wizard corpse. The rope golem claws you! (2x) You hit the rope golem. (2x) The rope golem claws you! (2x) The rope golem grabs you! You hit the rope golem. The rope golem misses. The rope golem claws you! You are being choked. You die... The sack is empty. (2x) The sack is empty. (2x) Final status: Goodbye Schmensch the Priestess, killed by a rope golem... You died in The Gnomish Mines on dungeon level 8 with 14919 points, and 139 pieces of gold, after 5367 moves. You were level 7 with a maximum of 68 hit points when you died.